 Dungeon Crawl Stone Soup version 0.26-b1-32-g5d43845318 (webtiles) character file.

Game seed: 16550297167555262972

8 raceaflais the Sneak (level 2, -11/19 HPs)
             Began as a Kobold Delver on Jan 5, 2021.
             Mangled by an ogre
             ... wielding a +0 giant spiked club
              (26 damage)
             ... on level 5 of the Dungeon.
             The game lasted 00:02:58 (634 turns).

raceaflais the Sneak (Kobold Delver)                 Turns: 634, Time: 00:02:59

Health: -11/19     AC:  3    Str:  9    XL:     2   Next: 15%
Magic:  2/2        EV: 14    Int: 11    God:
Gold:   141        SH:  0    Dex: 16    Spells: 1/1 levels left

rFire    . . .     SeeInvis .   a - +0 short sword
rCold    . . .     Faith    .   (shield restricted)
rNeg     . . .     Spirit   .   b - +0 leather armour
rPois    .         Reflect  .   (no helmet)
rElec    .         Harm     .   (no cloak)
rCorr    .         Rampage  .   (no gloves)
Will     .....                  (no boots)
Stlth    ++++......             (no amulet)
HPRegen  0.06/turn              (no ring)
MPRegen  0.08/turn              (no ring)

@: no status effects
A: small, nightstalker 3
a: no special abilities


You were on level 5 of the Dungeon.
You visited 1 branch of the dungeon, and saw 2 of its levels.

You collected 141 gold pieces.

Inventory:

Hand Weapons
 a - a +0 short sword (weapon)
Missiles
 h - 50 arrows
 j - 24 stones
 q - 11 poisoned darts
 r - 3 datura-tipped darts (quivered)
Armour
 b - a +0 leather armour (worn)
Jewellery
 s - an uncursed ring of wizardry {unknown}
Wands
 g - a wand of digging (6)
Scrolls
 c - a scroll of fog
 d - a scroll of magic mapping
 e - a scroll of fear
 i - 2 scrolls of teleportation {unknown}
 k - 2 scrolls of amnesia {unknown}
 l - a scroll of enchant armour {unknown}
 n - 2 scrolls of summoning {unknown}
 p - a scroll of noise {unknown}
Potions
 f - a potion of haste
 m - a potion of resistance {unknown}
 o - a potion of curing {unknown}
 t - 2 potions of magic {unknown}


   Skills:
 + Level 3.3 Fighting
 + Level 2.7 Short Blades
 + Level 2.4 Dodging
 + Level 7.1 Stealth


You had one spell level left.
You didn't know any spells.
Your spell library was empty.

Dungeon Overview and Level Annotations

Branches:
Dungeon (6/15)
 Temple: D:4-7

Altars:


Innate Abilities, Weirdness & Mutations

You are small and have problems with some larger weapons.
You are completely attuned to the shadows.


Message History

No target in view!
You start resting.
HP restored.
You now have 141 gold pieces (gained 8).
An ogre comes into view. It is wielding a +0 giant spiked club.
Things that are here:
a +0 war axe; a +0 scale mail Setting a skill training target for Throwing at 6.0.
You throw a datura-tipped dart.
The datura-tipped dart barely misses the ogre.
The ogre closely misses you. The ogre barely misses you.
You throw a datura-tipped dart. The datura-tipped dart hits the ogre.
The ogre flies into a frenzy!
The ogre misses you. The ogre misses you.
The ogre hits you with a +0 giant spiked club.
The ogre misses you.
The ogre hits you with a +0 giant spiked club!!
Ouch! That really hurt!
You die...

#...##.#####.#.###
#...##.#####.....#
#............###.#
#<...........# .#
##.###.#####.###.##
... ##....##.......
## #.........>.#
#.###.####.##
#.........@.#
#####..##.#####O#
.......##.# #.#
#####.###.# ###.#
#.# #.# #...#
#.###.###.###
#.##.#.##.#
#...###...#
####.#(##.#


You could see a neutral ogre (fast, strong, insane).

Vanquished Creatures
  2 orcs
  2 quokkas (D:6)
  A leopard gecko skeleton (D:5)
  A quokka skeleton (D:6)
6 creatures vanquished.

Notes
Turn   | Place    | Note
-------+----------+-------------------------------------------
     0 | D:5      | raceaflais the Kobold Delver began the quest for the Orb.
     0 | D:5      | Reached XP level 1. HP: 14/14 MP: 1/1
   352 | D:6      | Noticed an orc wizard
   537 | D:5      | Reached skill level 7 in Stealth
   537 | D:5      | Reached XP level 2. HP: 19/19 MP: 2/2
   600 | D:5      | Noticed an ogre
   634 | D:5      | Mangled by an ogre

Illustrated notes

Levels and vault maps discovered:
D:5:      layout_loops_ring, hangedman_abyss_or_decor_stagger
D:6:      layout_cave_pools

Skill      XL: |  1 |
---------------+----+-----
Stealth        | 7 |  7.1
Fighting       | |  3.3
Short Blades   | |  2.7
Dodging        | |  2.4

Action                   || total
-------------------------++-------
Melee: Short sword       ||    12
Throw: Dart              ||     2
 Stab: Sleeping          ||     4
Armor: Leather armour    ||     1
Dodge: Dodged            ||     8
